 Dungeon Crawl Stone Soup version 0.29-a0-350-g7790a0e70a (webtiles) character file.

Game seed: 15326991424699688292

6 enile the Covered (level 1, 0/17 HPs)
             Began as a Gnoll Wanderer on Apr 23, 2022.
             Slain by a hobgoblin (4 damage)
             ... on level 1 of the Dungeon.
             The game lasted 00:00:44 (178 turns).

enile the Covered (Gnoll Wanderer)                   Turns: 178, Time: 00:00:45

Health: 0/17       AC:  6    Str: 11    XL:     1   Next: 90%
Magic:  4/4        EV: 10    Int: 15    God:
Gold:   14         SH:  0    Dex:  7    Spells: 5/5 levels left

rFire   . . .      SeeInvis .   a - +0 club
rCold   . . .      Faith    .   (no shield)
rNeg    . . .      Spirit   .   c - +0 ring mail
rPois   .          Reflect  .   (no helmet)
rElec   .          Harm     .   (no cloak)
rCorr   .          Rampage  .   (no gloves)
Will    .....                   (no boots)
Stlth   ..........              (no amulet)
HPRegen 0.05/turn               (no ring)
MPRegen 0.09/turn               (no ring)

@: invisible
A: fangs 1, strong nose, distributed training
a: no special abilities


You were on level 1 of the Dungeon.
You visited 1 branch of the dungeon, and saw 1 of its levels.

You collected 14 gold pieces.

Inventory:

Hand Weapons
 a - a +0 club (weapon)
Armour
 c - a +0 ring mail (worn)


   Skills:
 + Level 2.4 Fighting
 + Level 0.2 Short Blades
 + Level 0.2 Long Blades
 + Level 0.2 Axes
 + Level 0.2 Maces & Flails
 + Level 0.2 Polearms
 + Level 0.2 Staves
 + Level 0.2 Slings
 + Level 0.2 Bows
 + Level 0.2 Crossbows
 + Level 0.2 Throwing
 + Level 6.4 Armour
 + Level 0.2 Dodging
 + Level 0.2 Stealth
 + Level 0.2 Shields
 + Level 0.2 Unarmed Combat
 + Level 2.6 Spellcasting
 + Level 0.1 Conjurations
 + Level 5.3 Hexes
 + Level 0.1 Summonings
 + Level 0.1 Necromancy
 + Level 0.1 Translocations
 + Level 0.1 Transmutations
 + Level 0.1 Fire Magic
 + Level 3.6 Ice Magic
 + Level 0.1 Air Magic
 + Level 0.1 Earth Magic
 + Level 0.1 Poison Magic
 + Level 0.3 Invocations
 + Level 0.2 Evocations


You had 5 spell levels left.
You didn't know any spells.
Your spell library contained the following spells:

 Spells                   Type           Power      Damage    Failure   Level
 Slow                     Hex            72%        N/A       4%          1
 Freeze                   Ice            52%        1d7       10%         1
 Tukima's Dance           Hex            18%        N/A       14%         3
 Ozocubu's Armour         Ice            13%        N/A       28%         3
 Dazzling Flash           Conj/Hex       20%        N/A       38%         3


Dungeon Overview and Level Annotations

Branches:
Dungeon (1/15)

Altars:


Innate Abilities, Weirdness & Mutations

You have very sharp teeth.
Your uncanny sense of smell can sniff out nearby items.
Your experience applies equally to all skills.


Message History

A jackal is nearby!
A jackal is nearby!
A jackal is nearby!
The jackal barks!
You don't know any spells.
Okay, then.
A hobgoblin comes into view.
The hobgoblin moves out of view.
You hit the jackal. You bite the jackal, but do no damage.
The jackal is moderately wounded.
The jackal barely misses you. x2
You closely miss the jackal.
The jackal is moderately wounded.
The jackal bites you but does no damage.
You closely miss the jackal. You bite the jackal, but do no damage.
The jackal is moderately wounded.
The jackal bites you but does no damage.
The jackal bites you.
You closely miss the jackal.
The jackal is moderately wounded.
The jackal barely misses you. x2
Sorry, you're not good enough to have a special ability.
You fade into invisibility!
The jackal bites you but does no damage.
The hobgoblin misses you. The hobgoblin misses you.
The jackal barely misses you. The jackal bites you.
You hit the jackal. You bite the jackal.
The jackal is almost dead.
The jackal bites you.
* * * LOW HITPOINT WARNING * * *
The jackal closely misses you.
You strike the helpless jackal from behind!
You hit the jackal.
You kill the jackal!
The hobgoblin closely misses you.
You hit the hobgoblin.
The hobgoblin is almost dead.
The hobgoblin hits you.
You die...

##....##...####*,,...*,,*
##.....##....#.##+#.#**,,*
**#......#*#...........,,,,*
*,,......###........#****,,*
#,*#.....#..........# **,**
#.##.###...#........#***,,*
...†..........##.##.#,,,,**
..##.###......##g#*,*,,,**
,,*#.###......##@##.,,,,*
,,∆..##.......##.#..,,,**
,*............#....,,,,**
,...###..........##,,,,,*
....*##.......##.##,,,,,*
..$.......##.##...#,∆,,,*
.#...........†.###..,,,,*
,,,..............#*.,,,,**
,,,......##..#...##,,,,,,*


You could see a hobgoblin (can't see you).

Vanquished Creatures
  2 jackals (D:1)
  A quokka (D:1)
  A ball python (D:1)
  2 rats (D:1)
6 creatures vanquished.

Notes
Turn   | Place    | Note
-------+----------+-------------------------------------------
     0 | D:1      | enile the Gnoll Wanderer began the quest for the Orb.
     0 | D:1      | enile set off with the following items: a +0 club, a potion
                  | of invisibility, a +0 ring mail; and the following spells
                  | available to memorise: Slow, Freeze, Tukima's Dance,
                  | Ozocubu's Armour, Dazzling Flash
     0 | D:1      | Reached XP level 1. HP: 17/17 MP: 4/4
   178 | D:1      | Slain by a hobgoblin

Illustrated notes

Levels and vault maps discovered:
D:1:      lemuel_arrival_lava_pool, layout_rooms,
          hellmonk_ecumenical_altar_blasted

Action                   || total
-------------------------++-------
Melee: Club              ||    38
       Bite              ||     4
  Use: Scroll            ||     1
       Potion            ||     1
 Stab: Invisible         ||     1
Armor: Ring mail         ||    19
Dodge: Dodged            ||    27

Table legend: (Time is in decaauts)
 A = Elapsed time spent in this place.
 B = Non-inter-level travel time spent in this place.
 C = Inter-level travel time spent in this place.
 D = Time resting spent in this place.
 E = Time spent auto-exploring this place.
 F = Levels seen in this place.
 G = Mean time per level.
                   A        B        C        D        E       F      G
               +--------+--------+--------+--------+--------+-----+--------+
         Total |    189 |    189 |      0 |      0 |    109 |   1 |  189.0 |
       Dungeon |    189 |    189 |      0 |      0 |    109 |   1 |  189.0 |
               +--------+--------+--------+--------+--------+-----+--------+

Top non-repeatable levels by time:
     D:1: 189 daAuts
